 Dungeon Crawl Stone Soup version 0.28-a0-297-g99b01970c5 (webtiles) character file.

Game seed: 16493640937066368984

52 Gargoyl the Skirmisher (level 3, -4/35 HPs)
             Began as a Gnoll Abyssal Knight on Aug 29, 2021.
             Was a Believer of Lugonu.
             Slain by a worm (8 damage)
             ... on level 2 of the Dungeon.
             The game lasted 00:02:09 (1291 turns).

Gargoyl the Skirmisher (Gnoll Abyssal Knight)       Turns: 1291, Time: 00:02:10

Health: -4/35      AC:  4    Str: 12    XL:     3   Next: 85%
Magic:  6/6        EV: 12    Int: 11    God:    Lugonu [**....]
Gold:   74         SH:  0    Dex: 11    Spells: 4/4 levels left

rFire   . . .      SeeInvis .   a - +1 hand axe
rCold   . . .      Faith    .   (no shield)
rNeg    . . .      Spirit   .   b - +0 leather armour
rPois   .          Reflect  .   d - +0 helmet
rElec   .          Harm     .   (no cloak)
rCorr   .          Rampage  .   (no gloves)
Will    .....                   (no boots)
Stlth   +.........              (no amulet)
HPRegen 0.11/turn               (no ring)
MPRegen 0.10/turn               (no ring)

@: no status effects
A: fangs 1, strong nose, distributed training, mutation resistance 1
a: Renounce Religion, Depart the Abyss, Bend Space


You were on level 2 of the Dungeon.
You worshipped Lugonu.
Lugonu was pleased with you.
You visited 1 branch of the dungeon, and saw 2 of its levels.
You visited the Abyss 1 time.

You collected 74 gold pieces.

Inventory:

Hand Weapons
 a - a +1 hand axe (weapon)
Missiles
 g - 22 poisoned darts (quivered)
Armour
 b - a +0 leather armour (worn)
 d - a +0 helmet (worn)
Wands
 c - a wand of iceblast (13)
Scrolls
 f - a scroll of silence {unknown}
Potions
 h - 2 potions of curing
Miscellaneous
 e - a lightning rod (3/4)


   Skills:
 + Level 6.5 Fighting
 + Level 1.0 Short Blades
 + Level 1.0 Long Blades
 + Level 4.6 Axes
 + Level 1.0 Maces & Flails
 + Level 1.0 Polearms
 + Level 1.0 Staves
 + Level 1.0 Slings
 + Level 1.0 Bows
 + Level 1.0 Crossbows
 + Level 1.0 Throwing
 + Level 4.6 Armour
 + Level 2.6 Dodging
 + Level 1.0 Stealth
 + Level 1.0 Shields
 + Level 1.0 Unarmed Combat
 + Level 1.0 Spellcasting
 + Level 0.7 Conjurations
 + Level 0.7 Hexes
 + Level 0.7 Summonings
 + Level 0.7 Necromancy
 + Level 0.7 Translocations
 + Level 0.7 Transmutations
 + Level 0.7 Fire Magic
 + Level 0.7 Ice Magic
 + Level 0.7 Air Magic
 + Level 0.7 Earth Magic
 + Level 0.7 Poison Magic
 + Level 4.6 Invocations
 + Level 1.0 Evocations


You had 4 spell levels left.
You didn't know any spells.
Your spell library was empty.

Dungeon Overview and Level Annotations

Branches:
Dungeon (2/15)

Altars:


Innate Abilities, Weirdness & Mutations

You have very sharp teeth.
Your uncanny sense of smell can sniff out nearby items.
Your experience applies equally to all skills.
You are somewhat resistant to further mutation.


Message History

Unknown command.
You hit the worm but do no damage. You bite the worm, but do no damage.
The worm is moderately wounded.
You hit the hobgoblin. The hobgoblin closely misses you. The worm bites you.
Unknown command.
You slash the worm!
The worm is severely wounded.
You closely miss the hobgoblin. The hobgoblin closely misses you.
The worm misses you.
Unknown command.
You hit the worm but do no damage.
The worm is heavily wounded.
You barely miss the hobgoblin. The hobgoblin misses you.
You hit the worm.
The worm is almost dead.
You hit the frilled lizard.
You kill the frilled lizard!
Lugonu accepts your kill.
You hit the hobgoblin but do no damage.
The hobgoblin hits you but does no damage.
The worm bites you!
* * * LOW HITPOINT WARNING * * *
The hobgoblin hits you but does no damage.
You barely miss the worm.
The worm is severely wounded.
You hit the hobgoblin but do no damage. The worm bites you.
* * * LOW HITPOINT WARNING * * *
The hobgoblin hits you.
* * * LOW HITPOINT WARNING * * *
Unknown command.
You hit the worm.
The worm is almost dead.
You hit the hobgoblin.
You kill the hobgoblin!
Lugonu accepts your kill.
Unknown command.
You completely miss the worm.
The worm is almost dead.
The worm bites you!
You die...

* *,,,,,,,,,**,,* *,*,* *
*,,,,,,,,,***.## *,*,*******
***,,,,,,,,,* *..# #.#.##.,,,**
,,,,,,,,,,,,* *#.# #.#.#..,,,,***
,,,,,,,,,.,,* #.# #........,,,*∆
,,,,,,,,,..,* #.# #.......,,,*,*
,,,,,,,,,...####.# #......#******
,,,****,,.......w# #......# ,,,*
*,,......†@# #......#####
,,,****,,........###..........#
,,,*,,,,,.....................#
,,,*,,,,,.......#.##..........#
,,,*,,,,*####......#..........###
,,,****** #####..#.#...........
**** #....#...........
#.#..#...........
#.#..##..........


You could see a worm.

Vanquished Creatures
  4 dart slugs
  5 ball pythons (D:1)
  4 endoplasms (D:1)
  2 giant cockroaches (D:1)
  5 goblins (D:1)
  3 hobgoblins
  5 kobolds (D:1)
  4 quokkas
  2 bats (D:1)
  3 frilled lizards
  A rat (D:1)
38 creatures vanquished.

Notes
Turn   | Place    | Note
-------+----------+-------------------------------------------
     0 | Abyss:1  | Gargoyl the Gnoll Abyssal Knight began the quest for the
                  | Orb.
     0 | Abyss:1  | Reached XP level 1. HP: 23/23 MP: 3/3
    42 | Abyss:2  | Found a corrupted altar of Lugonu.
    84 | Abyss:2  | Noticed a small abomination
   100 | Abyss:2  | Noticed a great orb of eyes
   100 | Abyss:2  | Noticed a large abomination
   102 | Abyss:2  | Noticed a spatial maelstrom
   103 | Abyss:2  | Noticed a spatial vortex
   142 | Abyss:3  | Noticed a tentacled monstrosity
   147 | D:1      | Escaped the Abyss
   211 | D:1      | Reached * piety under Lugonu
   325 | D:1      | Reached XP level 2. HP: 22/29 MP: 5/5
   703 | D:1      | Reached XP level 3. HP: 27/35 MP: 6/6
  1011 | D:1      | Reached ** piety under Lugonu
  1207 | D:2      | Gained mutation: You are somewhat resistant to further
                  | mutation. [potion of mutation]
  1249 | D:2      | Reached skill level 1 in Short Blades
  1249 | D:2      | Reached skill level 1 in Long Blades
  1249 | D:2      | Reached skill level 1 in Maces & Flails
  1249 | D:2      | Reached skill level 1 in Polearms
  1249 | D:2      | Reached skill level 1 in Staves
  1249 | D:2      | Reached skill level 1 in Slings
  1249 | D:2      | Reached skill level 1 in Bows
  1249 | D:2      | Reached skill level 1 in Crossbows
  1249 | D:2      | Reached skill level 1 in Throwing
  1249 | D:2      | Reached skill level 1 in Stealth
  1249 | D:2      | Reached skill level 1 in Shields
  1249 | D:2      | Reached skill level 1 in Unarmed Combat
  1249 | D:2      | Reached skill level 1 in Spellcasting
  1249 | D:2      | Reached skill level 1 in Evocations
  1291 | D:2      | Slain by a worm

Illustrated notes

Levels and vault maps discovered:
D:1:      dpeg_arrival_orchard, layout_rooms, nrook_loot_triangle
D:2:      layout_basic, uniq_crazy_yiuf_cottage

Skill      XL: |  1  2  3 |
---------------+----------+-----
Short Blades   | 1 |  1.0
Long Blades    | 1 |  1.0
Maces & Flails | 1 |  1.0
Polearms       | 1 |  1.0
Staves         | 1 |  1.0
Slings         | 1 |  1.0
Bows           | 1 |  1.0
Crossbows      | 1 |  1.0
Throwing       | 1 |  1.0
Stealth        | 1 |  1.0
Shields        | 1 |  1.0
Unarmed Combat | 1 |  1.0
Spellcasting   | 1 |  1.0
Evocations     | 1 |  1.0
Fighting       | |  6.5
Axes           | |  4.6
Armour         | |  4.6
Dodging        | |  2.6
Conjurations   | |  0.7
Hexes          | |  0.7
Summonings     | |  0.7
Necromancy     | |  0.7
Translocations | |  0.7
Transmutations | |  0.7
Fire Magic     | |  0.7
Ice Magic      | |  0.7
Air Magic      | |  0.7
Earth Magic    | |  0.7
Poison Magic   | |  0.7
Invocations    | |  4.6

Action                   || total
-------------------------++-------
Melee: Hand axe          ||    95
       Bite              ||     9
       Punch             ||     1
Invok: Depart the Abyss  ||     1
Evoke: Lightning rod     ||     3
       Wand              ||     2
  Use: Potion            ||     2
       Scroll            ||     6
 Stab: Sleeping          ||     1
Armor: Leather armour    ||    28
Dodge: Dodged            ||    64

Table legend: (Time is in decaauts)
 A = Elapsed time spent in this place.
 B = Non-inter-level travel time spent in this place.
 C = Inter-level travel time spent in this place.
 D = Time resting spent in this place.
 E = Time spent auto-exploring this place.
 F = Levels seen in this place.
 G = Mean time per level.
                   A        B        C        D        E       F      G
               +--------+--------+--------+--------+--------+-----+--------+
         Total |   1311 |   1293 |     18 |      0 |    973 |   5 |  262.2 |
       Dungeon |   1158 |   1140 |     18 |      0 |    891 |   2 |  579.0 |
         Abyss |    153 |    153 |      0 |      0 |     81 |   3 |   51.0 |
               +--------+--------+--------+--------+--------+-----+--------+

Top non-repeatable levels by time:
     D:1: 1066 daAuts
     D:2: 92 daAuts
 Abyss:2: 64 daAuts
 Abyss:3: 47 daAuts
 Abyss:1: 42 daAuts
